 Dungeon Crawl Stone Soup version 0.18-a0-1195-g77a4f03 (webtiles) character file.

95 Gruud the Chopper (level 4, 33/33 HPs)
             Began as a Demonspawn Gladiator on Jan 29, 2016.
             Was a Follower of Dithmenos.
             Quit the game on level 3 of the Dungeon.
             The game lasted 00:05:11 (2311 turns).

Gruud the Chopper (Demonspawn Gladiator)            Turns: 2311, Time: 00:05:11

Health: 33/33      AC:  3    Str: 17    XL:     4   Next: 40%
Magic:  4/4        EV: 12    Int:  9    God:    Dithmenos [*.....]
Gold:   140        SH:  0    Dex: 15    Spells: 0 memorised, 3 levels left

rFire  . . .     SeeInvis .     a - +0 war axe
rCold  . . .     Gourm    .     b - +0 leather armour
rNeg   + . .     Faith    .     (no shield)
rPois  .         Spirit   .     (helmet restricted)
rElec  .         Dismiss  .     (no cloak)
rCorr  .         Reflect  .     (no gloves)
SustAt .         Harm     .     (no boots)
MR     .....                    (no amulet)
Stlth  ++........               (no ring)
                                u - ring of positive energy

@: wreathed by umbra, not resistant to hostile enchantments, unstealthy
A: horns 1, thin skeletal structure 1
a: Renounce Religion


You were on level 3 of the Dungeon.
You worshipped Dithmenos.
Dithmenos was aware of your devotion.
You were not hungry.

You visited 1 branch of the dungeon, and saw 3 of its levels.

You collected 140 gold pieces.

Inventory:

Hand Weapons
 a - a +0 war axe (weapon)
Missiles
 d - 3 throwing nets (quivered)
 h - 14 poisoned needles
 r - 4 tomahawks
Armour
 b - a +0 leather armour (worn)
 c - a +0 helmet
Jewellery
 u - a ring of positive energy (left hand)
Scrolls
 i - a scroll of recharging {unknown}
 k - a scroll of enchant armour {unknown}
 l - 3 scrolls of identify {unknown}
 o - a scroll of remove curse {unknown}
Potions
 e - 2 potions of might {unknown}
 g - 2 potions of haste {unknown}
 m - a potion of poison {unknown}
 s - a potion of flight {unknown}
 t - a potion of ambrosia {unknown}
Comestibles
 f - 2 bread rations
 j - 2 fruits
 n - a meat ration
 p - a royal jelly
 q - 5 chunks of flesh


   Skills:
 - Level 2.0 Fighting
 * Level 4.7 Axes
 - Level 1.7 Throwing
 - Level 2.6 Dodging


You had 3 spell levels left.
You didn't know any spells.

Dungeon Overview and Level Annotations

Branches:
Dungeon (3/15)

Altars:
Dithmenos


Innate Abilities, Weirdness & Mutations

You have a pair of small horns on your head.
You have a somewhat thin skeletal structure (Dex +2, Stealth).


Message History

No target in view!
Items here: )))))) [[[ †† Butcher an orc corpse? [(y)es/(c)hoosy/(n)o/(a)ll/(e)dible/(q)uit/?]
You butcher the orc corpse. x2
q - 3 chunks of flesh (gained 2);
q - 6 chunks of flesh (gained 3)
Items here: )))))) [[[ Unknown command.
Eat one of 6 chunks of flesh? (ye/n/q/i?) This raw flesh tastes terrible.
You continue eating. x2
Found a stone staircase leading down.
Found 20 arrows.
A hobgoblin comes into view. It is wielding a club.
The helpless hobgoblin fails to defend itself.
You slash the hobgoblin!
You kill the hobgoblin!
Dithmenos accepts your kill.
No target in view!
Enter note: not in the mood for this Are you sure you want to abandon this character and quit the game? (Confirm with "yes".)

#.##.#...# ###########.#
#..#.#...# ####'##
#........# #......
#........# #......
#........# #......
#........### #......
#####..........# #......
#..........#...# #......
#..........#@..# #......
#.......>..#)..# #......
#..........#...# #......
#..........#...# #......
#..........#...# #......
#..........#...# ####.##
#..........##### #.#
#..........# #.#
#..........###############.#


There were no monsters in sight!

Vanquished Creatures
  3 adders (D:2)
  3 worms (D:2)
  A giant gecko (D:1)
  7 orcs
  2 bats
  3 giant cockroaches (D:2)
  6 goblins
  7 hobgoblins
  A quokka (D:2)
  5 giant newts
  7 kobolds
  5 rats
50 creatures vanquished.

Notes
Turn   | Place    | Note
--------------------------------------------------------------
     0 | D:1      | Gruud the Demonspawn Gladiator began the quest for the Orb.
     0 | D:1      | Reached XP level 1. HP: 16/16 MP: 1/1
    93 | D:1      | Reached skill level 3 in Axes
   174 | D:1      | Gained mutation: You have a somewhat thin skeletal structure (Dex +2, Stealth). [demonic ancestry]
   174 | D:1      | Reached XP level 2. HP: 19/22 MP: 2/2
   585 | D:1      | Reached XP level 3. HP: 15/27 MP: 3/3
  1064 | D:2      | Reached skill level 4 in Axes
  1678 | D:2      | Gained mutation: You have a pair of small horns on your head. [demonic ancestry]
  1678 | D:2      | Reached XP level 4. HP: 22/33 MP: 4/4
  2081 | D:3      | Found a faded altar to an unknown god.
  2104 | D:3      | Became a worshipper of Dithmenos the Shadowed
  2104 | D:3      | Reached * piety under Dithmenos
  2311 | D:3      | not in the mood for this
  2311 | D:3      | Quit the game

Vault maps used:
D:1:      saegor_arrival_simple_e
D:2:      first_bread, guppyfry_early_orc_mine
D:3:      ecumenical_altar_1

Action                   |  1- 3 |  4- 6 || total
-------------------------+-------+-------++-------
Melee: War axe           |   131 |    23 ||   154
 Stab: Sleeping          |     2 |     1 ||     3
  Eat: Chunk             |     3 |     2 ||     5
